 Dungeon Crawl Stone Soup version 0.20.0-9-g8272e65 (webtiles) character file.

46 Kosschaser the Skirmisher (level 3, 0/29 HPs)
             Began as a Demonspawn Fighter on June 3, 2017.
             Slain by a kobold (1 damage)
             ... on level 3 of the Dungeon.
             The game lasted 00:03:42 (1481 turns).

Kosschaser the Skirmisher (Demonspawn Fighter)      Turns: 1481, Time: 00:03:44

Health: 0/29       AC:  6    Str: 22    XL:     3   Next: 44%
Magic:  3/3        EV:  7    Int:  9    God:
Gold:   153        SH:  9    Dex: 12    Spells: 2/2 levels left

rFire    . . .     SeeInvis .   a - +0 long sword
rCold    + . .     Gourm    .   c - +0 shield
rNeg     . . .     Faith    .   b - +0 scale mail
rPois    .         Spirit   .   (no helmet)
rElec    .         Reflect  .   (no cloak)
rCorr    .         Harm     .   (no gloves)
MR       .....                  (no boots)
Stlth    ..........             (no amulet)
Regen    0.1/turn               n - ring of protection from cold
MPRegen  0.1/turn               (no ring)

@: mighty
A: hooves 1
a: no special abilities


You were on level 3 of the Dungeon.
You were very hungry.

You visited 1 branch of the dungeon, and saw 3 of its levels.

You collected 153 gold pieces.

Inventory:

Hand Weapons
 a - a +0 long sword (weapon)
Armour
 b - a +0 scale mail (worn)
 c - a +0 shield (worn)
Jewellery
 n - a ring of protection from cold (left hand)
Scrolls
 l - a scroll of random uselessness
 m - a scroll of fear {unknown}
 o - a scroll of teleportation
 p - a scroll of recharging {unknown}
Potions
 d - 2 potions of might
 e - a potion of agility {unknown}
 g - a potion of heal wounds {unknown}
 h - a potion of mutation {unknown}
 j - a potion of flight {unknown}
Comestibles
 f - 4 bread rations
 i - 3 fruits
 k - a royal jelly


   Skills:
 + Level 3.4 Fighting
 + Level 2.2 Long Blades
 + Level 3.1 Armour
 + Level 0.5 Dodging
 + Level 2.9 Shields


You had 2 spell levels left.
You didn't know any spells.

Dungeon Overview and Level Annotations

Branches:
Dungeon (3/15)

Altars:
Xom

Annotations:
D:2 sigmund!, Sigmund


Innate Abilities, Weirdness & Mutations

You have large cloven feet.


Message History

You closely miss the leopard gecko. Your kick misses the leopard gecko.
The jackal barely misses you. The goblin hits you with a club.
* * * LOW HITPOINT WARNING * * *
The leopard gecko barely misses you. You block the kobold's attack.
The jackal bites you but does no damage.
You slash the leopard gecko!
You kill the leopard gecko!
You block the goblin's attack. The jackal closely misses you.
The kobold completely misses you.
You riposte.
You closely miss the kobold. The goblin barely misses you.
You riposte.
You slash the goblin!
You kill the goblin!
The jackal bites you but does no damage.
The kobold hits you.
* * * LOW HITPOINT WARNING * * *
Things that are here:
a club; a goblin corpse You feel very mighty all of a sudden.
You block the kobold's attack.
You barely miss the kobold. Your kick misses the kobold. The kobold hits you.
You die...

#....(.........?#
#........[...####
#............#
####..(<.....#
#...%#.......
#....####.....
##Khl.........
##K#####..... #@#
.... #.# ...
..... .......
#.......#
#........
##........


You could see a leopard gecko, a jackal and 2 kobolds.

Vanquished Creatures
  A dart slug (D:1)
  2 leopard geckos
  2 ball pythons
  2 giant cockroaches (D:1)
  6 goblins
  2 hobgoblins (D:1)
  A jackal (D:3)
  6 kobolds
  A quokka (D:2)
  7 bats
  4 frilled lizards
  4 rats
38 creatures vanquished.

Notes
Turn   | Place    | Note
-------+----------+-------------------------------------------
     0 | D:1      | Kosschaser the Demonspawn Fighter began the quest for the Orb.
     0 | D:1      | Reached XP level 1. HP: 18/18 MP: 1/1
    86 | D:1      | Gained mutation: You have large cloven feet. [demonic ancestry]
    86 | D:1      | Reached XP level 2. HP: 16/24 MP: 2/2
   537 | D:1      | Found a stormy altar of Qazlal.
   539 | D:1      | Found a bloodstained altar of Trog.
   539 | D:1      | Found a basalt altar of Yredelemnul.
   541 | D:1      | Found a blossoming altar of Fedhas.
   541 | D:1      | Found an ancient bone altar of Kikubaaqudgha.
   541 | D:1      | Found a shimmering altar of Xom.
   853 | D:2      | Reached XP level 3. HP: 29/29 MP: 3/3
  1386 | D:2      | Noticed Sigmund
  1479 | D:3      | HP: 1/29 [kobold (3)]
  1481 | D:3      | Slain by a kobold

Skill      XL: |  1  2 |
---------------+-------+-----
Long Blades    | 2 |  2.2
Armour         | 3 |  3.1
Fighting       | |  3.4
Dodging        | |  0.5
Shields        | |  2.9

Action                   || total
-------------------------++-------
Melee: Long sword        ||   140
       Kick              ||    28
  Use: Scroll            ||     4
       Potion            ||     1
  Eat: Chunk             ||     1
Armor: Scale mail        ||   111
Dodge: Dodged            ||    62
Block: Shield            ||   106
       Rpst.: Long sword ||    20
